 Dungeon Crawl Stone Soup version 0.19-a0-1740-g0bcaf2e (webtiles) character file.

46 4thArraOfDagon the Slasher (level 3, -2/49 HPs)
             Began as a Minotaur Monk on Oct 1, 2016.
             Slain by an orc warrior
             ... wielding a +0 scimitar
              (8 damage)
             ... on level 6 of the Dungeon.
             The game lasted 00:02:16 (419 turns).

4thArraOfDagon the Slasher (Minotaur Monk)           Turns: 419, Time: 00:02:17

Health: -2/49      AC: 21    Str: 15    XL:     3   Next: 44%
Magic:  2/2        EV:  2    Int:  7    God:
Gold:   74         SH:  4    Dex: 13    Spells: 0 memorised, 2 levels left

rFire  . . .     SeeInvis .     a - +0 falchion
rCold  . . .     Gourm    .     (armour currently unavailable)
rNeg   + + +     Faith    .     (no shield)
rPois  +         Spirit   .     (helmet currently unavailable)
rElec  .         Dismiss  .     (cloak currently unavailable)
rCorr  .         Reflect  +     (gloves currently unavailable)
MR     .....     Harm     .     (boots currently unavailable)
Stlth  +++....... NoTele   +    d - +4 amulet of reflection
                                (no ring)
                                g - ring of stealth

@: tree-form
A: (retaliatory headbutt), (horns 0)
a: no special abilities


You were on level 6 of the Dungeon.
You were not hungry.
You were a tree.
You visited 1 branch of the dungeon, and saw 6 of its levels.

You collected 74 gold pieces.

Inventory:

Hand Weapons
 a - a +0 falchion (weapon)
Armour
 b - a +0 robe (melded)
Jewellery
 d - a +4 amulet of reflection (around neck)
 g - a ring of stealth (left branch)
Scrolls
 e - 2 scrolls of identify
Potions
 f - a potion of cure mutation
 h - a potion of lignification
Comestibles
 c - 2 bread rations


   Skills:
 + Level 4.2 Fighting
 * Level 4.4 Long Blades
 + Level 3.8 Dodging
 - Level 1.5 Stealth


You had 2 spell levels left.
You didn't know any spells.

Dungeon Overview and Level Annotations

Branches:
Dungeon (6/15)
 Temple: D:4-7

Altars:


Innate Abilities, Weirdness & Mutations

((You reflexively headbutt those who attack you in melee.))
((You have a pair of horns on your head.))


Message History

The orc warrior hits you but does no damage.
Unknown command.
You hit the orc warrior but do no damage.
The orc warrior is heavily wounded.
The orc warrior hits you but does no damage.
Unknown command.
You barely miss the orc warrior.
The orc warrior is heavily wounded.
The orc warrior hits you but does no damage.
Unknown command.
You hit the orc warrior but do no damage.
The orc warrior is heavily wounded.
The orc warrior hits you with a scimitar.
* * * LOW HITPOINT WARNING * * *
Unknown command.
Unknown command.
You hit the orc warrior.
The orc warrior is severely wounded.
The orc warrior hits you with a scimitar!
You die...

##...##
#.....#
#.†...#
#.....#
##...##
#.###
#.# #.#
#♣# #o#


.oo ..... #.....# .##.##. #. ... .. # #.# ## You could see an orc warrior and 2
orcs.

Vanquished Creatures
  An ooze (D:3)
  An adder zombie (D:6)
  A worm (D:2)
  2 dart slugs
  A leopard gecko (D:2)
  An orc (D:6)
  A ball python (D:4)
  A giant cockroach (D:1)
  3 goblins
  4 hobgoblins
  4 kobolds (D:2)
  A quokka (D:6)
  2 bats
  2 frilled lizards (D:1)
  A quokka skeleton (D:4)
  A rat (D:3)
27 creatures vanquished.

Notes
Turn   | Place    | Note
-------+----------+-------------------------------------------
     0 | D:1      | 4thArraOfDagon the Minotaur Monk began the quest for the Orb.
     0 | D:1      | Reached XP level 1. HP: 19/19 MP: 0/0
    80 | D:2      | Reached XP level 2. HP: 25/27 MP: 1/1
   174 | D:3      | Reached XP level 3. HP: 27/33 MP: 2/2
   228 | D:4      | Noticed a phantom
   289 | D:4      | Noticed an ogre
   337 | D:5      | Entered Level 5 of the Dungeon
   370 | D:6      | Noticed an orc warrior
   419 | D:6      | Slain by an orc warrior

Vault maps used:
D:1:      lightli_arrival_chessboard, serial_bayou_pond_b, st_stairs_6
D:2:      kennysheep_the_goblin_king, serial_glass, glass_columns_a,
          glass_columns_a, due_unseen_surprise, item_on_display_a,
          feat_on_display, minmay_misc_feat_ornament, st_stairs_11
D:3:      first_bread, gup_sewer_entry_glass, uniq_natasha, uniq_terence,
          uniq_iyjb
D:4:      minmay_ogre_servants, uniq_blork_the_orc
D:5:      bloody_trog, gammafunk_temple_overflow_wave, nemelex_altar_shiori

Skill      XL: |  1  2 |
---------------+-------+-----
Long Blades    | 4 |  4.4
Fighting       | 4 |  4.2
Dodging        | |  3.8
Stealth        | |  1.5

Action                   || total
-------------------------++-------
Melee: Falchion          ||    57
       Headbutt          ||    10
  Use: Scroll            ||     3
       Potion            ||     1
 Stab: Sleeping          ||     4
Armor: Robe              ||     5
       Skin              ||    10
Dodge: Dodged            ||    28
Block: Other             ||    10
